Detroit Red Wings vs New York Rangers
Created - Thursday, August 24, 2023 at 08:09
Goals
|
| Detroit Red Wings |
1 |
1 |
0 |
2 |
| New York Rangers |
2 |
2 |
1 |
5 |
|
Shots
|
| Detroit Red Wings |
10 |
27 |
6 |
43 |
| New York Rangers |
16 |
16 |
6 |
38 |
|
1st period
1. New York Rangers , Pierre-Luc Dubois 3 (Mathew Barzal 1, Gabriel Landeskog 2) at 2:16
2. New York Rangers , Nathan MacKinnon 1 (Dmitry Kulikov 1, Pierre-Luc Dubois 1) at 11:19
3. Detroit Red Wings , Steven Stamkos 2 (Mika Zibanejad 1, Sean Couturier 2) at 15:43
Penalties :
No Penalty
2nd period
4. New York Rangers , Conor Garland 1 (Matthew Benning 1, Tyler Motte 1) at 2:18
5. New York Rangers , Andre Burakovsky 2 (Filip Chytil 1, Mikael Granlund 1) at 12:38
6. Detroit Red Wings , Arthur Kaliyev 2 (Zach Bogosian 1, Jason Zucker 1) at 14:03
Penalties :
Steven Stamkos (DET) for Tripping (Minor) at 2:35, Tyler Motte (NYR) for Interference (Minor) at 5:20, Gabriel Landeskog (NYR) for Slashing (Minor) at 18:53
3rd period
7. New York Rangers , Mathew Barzal 2 (Pierre-Luc Dubois 2, Gabriel Landeskog 3) at 15:59
Penalties :
No Penalty
Goalie Stats
Semyon Varlamov (DET), 33 saves from 38 shots - (0.868), L, 0-2-0, 60:00 minutes
Igor Shesterkin (NYR), 41 saves from 43 shots - (0.953), W, 2-0-0, 60:00 minutes
Players Stats for Detroit Red Wings
Player Name G A P +/- PIM S H SB GA TA FO MP PP MP PK MP
------------------------------------------------------------------------------------
Arthur Kaliyev 1 0 1 0 0 2 1 0 0 0 0/1 8:19 0:00 0:00
Brock Nelson 0 0 0 -2 0 4 1 0 2 0 4/9 15:17 0:00 0:58
Carter Verhaeghe 0 0 0 -2 0 3 2 1 1 0 0/1 17:06 2:06 0:00
Daniel Sprong 0 0 0 -1 0 2 0 0 1 0 0/0 11:31 0:00 0:03
Jamie Drysdale 0 0 0 -3 0 0 0 1 0 0 0/0 14:39 2:06 0:00
Jared McCann 0 0 0 -1 0 1 0 0 1 0 0/0 14:00 1:52 0:58
Jason Zucker 0 1 1 0 0 4 0 0 0 0 0/0 8:19 0:00 0:00
Jonathan Huberdeau 0 0 0 0 0 1 1 0 0 1 0/0 21:26 1:52 0:00
Josh Bailey 0 0 0 -1 0 2 2 0 0 0 5/12 11:10 0:00 0:00
Kevin Shattenkirk 0 0 0 -2 0 3 2 2 0 3 0/0 25:39 1:52 0:58
MacKenzie Weegar 0 0 0 -2 0 3 2 1 0 0 0/0 25:39 1:52 0:58
Matthew Boldy 0 0 0 -2 0 8 2 0 0 0 0/0 17:06 2:06 0:00
Mika Zibanejad 0 1 1 0 0 5 0 0 0 0 12/31 22:09 1:52 1:01
Philippe Myers 0 0 0 -3 0 0 5 0 0 0 0/0 13:09 0:00 1:01
Sean Couturier 0 1 1 0 0 0 0 0 0 0 0/3 9:17 0:00 0:58
Shayne Gostisbehere 0 0 0 2 0 0 0 4 0 2 0/0 22:20 2:06 1:01
Steven Stamkos 1 0 1 0 2 5 3 1 2 0 0/4 22:20 2:06 0:00
Zach Bogosian 0 1 1 2 0 0 0 0 0 1 0/0 18:34 0:00 0:00
Players Stats for New York Rangers
Player Name G A P +/- PIM S H SB GA TA FO MP PP MP PK MP
------------------------------------------------------------------------------------
Adam Larsson 0 0 0 0 0 2 3 3 0 0 0/0 25:03 1:21 2:01
Andre Burakovsky 1 0 1 0 0 5 0 0 1 0 1/1 15:17 0:55 0:00
Artemi Panarin 0 0 0 1 0 5 1 0 2 0 0/2 16:33 1:01 0:00
Cam Fowler 0 0 0 0 0 0 1 1 0 1 0/0 20:48 0:00 0:00
Cole Caufield 0 0 0 1 0 1 5 0 1 0 0/0 17:15 0:55 0:48
Conor Garland 1 0 1 0 0 3 0 1 0 0 2/2 11:02 0:38 1:39
David Kampf 0 0 0 0 0 0 1 0 0 1 1/3 10:02 0:00 1:37
Dmitry Kulikov 0 1 1 2 0 1 1 1 0 1 0/0 18:24 0:00 1:57
Filip Chytil 0 1 1 0 0 0 1 1 0 0 8/11 14:22 0:00 0:00
Gabriel Landeskog 0 2 2 2 2 2 1 1 0 1 0/0 16:53 0:55 0:04
Jake McCabe 0 0 0 1 0 1 1 0 0 0 0/0 15:55 0:00 0:00
Mark Giordano 0 0 0 2 0 0 0 1 0 0 0/0 19:58 0:38 2:01
Mathew Barzal 1 1 2 2 0 4 0 1 1 0 0/0 17:22 1:21 0:49
Matthew Benning 0 1 1 1 0 2 0 1 0 1 0/0 17:52 0:00 1:57
Mikael Granlund 0 1 1 0 0 2 1 0 0 0 0/0 14:26 0:03 0:00
Nathan MacKinnon 1 0 1 1 0 4 1 0 1 1 15/20 16:37 1:04 0:00
Pierre-Luc Dubois 1 2 3 2 0 4 1 0 1 1 13/22 19:00 1:01 2:16
Tyler Motte 0 1 1 0 2 2 0 0 0 0 0/0 9:11 0:03 0:43
3 Stars
1 - Pierre-Luc Dubois (NYR)
2 - Igor Shesterkin (NYR)
3 - Mathew Barzal (NYR)
Power Play
Detroit Red Wings - 0 on 2 Attempt(s) - 0.00%
New York Rangers - 0 on 1 Attempt(s) - 0.00%
Penalty Kill
Detroit Red Wings - 1 on 1 Attempt(s) - 100.00%
- Score 0 goal in Penalty Kill
New York Rangers - 2 on 2 Attempt(s) - 100.00%
- Score 0 goal in Penalty Kill
Team Stat
Detroit Red Wings - Hits : 21 - Faceoff Wins : 21 - Blocked Shots : 10 - Penalty Minutes : 2
New York Rangers - Hits : 18 - Faceoff Wins : 40 - Blocked Shots : 11 - Penalty Minutes : 4
Official
Referees : Justin StPierre and Dan O'Rourke
Linesman : Brad Lazarowich and Matt MacPherson
Game Notes
No Game Note
Finance
Level 1 -- Attendance: 4845 (80.75%) -- Ticket Income $494,190
Level 2 -- Attendance: 3373 (67.46%) -- Ticket Income $212,499
Level 3 -- Attendance: 2081 (69.37%) -- Ticket Income $85,321
Level 4 -- Attendance: 3415 (68.30%) -- Ticket Income $95,620
Luxury Box -- Attendance: 975 (97.50%) -- Ticket Income $190,125
Game was played at the Madison Square Garden.
Total Attendance: 14689 (73.45%)
Total Ticket Income: $1,077,755
Other Income: $377,214
Total Income: $1,454,969
Detroit Red Wings
5 vs 5 Forward
Center Left Wing Right Wing Time % Phy DF OF
1 Mika Zibanejad Steven Stamkos Jonathan Huberdeau 40 1 2 2
2 Brock Nelson Carter Verhaeghe Matthew Boldy 30 1 2 2
3 Josh Bailey Daniel Sprong Jared McCann 20 1 2 2
4 Sean Couturier Arthur Kaliyev Jason Zucker 10 1 2 2
5 vs 5 Defense
Defense Defense Time % Phy DF OF
1 Kevin Shattenkirk MacKenzie Weegar 40 1 2 2
2 Zach Bogosian Shayne Gostisbehere 30 1 2 2
3 Philippe Myers Jamie Drysdale 20 1 2 2
4 Kevin Shattenkirk MacKenzie Weegar 10 1 2 2
PowerPlay Forward
Center Left Wing Right Wing Time % Phy DF OF
1 Mika Zibanejad Jonathan Huberdeau Jared McCann 50 1 2 2
2 Steven Stamkos Carter Verhaeghe Matthew Boldy 50 1 2 2
PowerPlay Defense
Defense Defense Time % Phy DF OF
1 Kevin Shattenkirk MacKenzie Weegar 50 1 2 2
2 Shayne Gostisbehere Jamie Drysdale 50 1 2 2
Penalty Kill 4 Players Forward
Center Wing Time % Phy DF OF
1 Mika Zibanejad Jared McCann 50 1 2 2
2 Sean Couturier Brock Nelson 50 1 2 2
Penalty Kill 4 Players Defense
Defense Defense Time % Phy DF OF
1 Kevin Shattenkirk MacKenzie Weegar 50 1 2 2
2 Philippe Myers Shayne Gostisbehere 50 1 2 2
Penalty Kill - 3 Players Forward
Forward Time % Phy DF OF
1 Mika Zibanejad 50 1 2 2
2 Brock Nelson 50 1 2 2
Penalty Kill - 3 Players Defense
Defense Defense Time % Phy DF OF
1 Kevin Shattenkirk MacKenzie Weegar 50 1 2 2
2 Philippe Myers Shayne Gostisbehere 50 1 2 2
4 vs 4 Forward
Center Wing Time % Phy DF OF
1 Mika Zibanejad Carter Verhaeghe 60 1 2 2
2 Steven Stamkos Matthew Boldy 40 1 2 2
4 vs 4 Defense
Defense Defense Time % Phy DF OF
1 Kevin Shattenkirk MacKenzie Weegar 60 1 2 2
2 Shayne Gostisbehere Jamie Drysdale 40 1 2 2
Last Minutes Offensive
Center Left Wing Right Wing Defense Defense
Mika Zibanejad Steven Stamkos Matthew Boldy Kevin Shattenkirk MacKenzie Weegar
Last Minutes Defensive
Center Left Wing Right Wing Defense Defense
Mika Zibanejad Sean Couturier Jared McCann Kevin Shattenkirk MacKenzie Weegar
Goaltenders
Starting : Semyon Varlamov
Backup : Sergei Bobrovsky
Extra Forwards
Normal : Sean Couturier, Daniel Sprong, Arthur Kaliyev - PP : Josh Bailey, Arthur Kaliyev - PK : Sean Couturier
Extra Defensemen
Normal : Philippe Myers, Jamie Drysdale, Kevin Shattenkirk - PP : Jamie Drysdale - PK : Philippe Myers, Jamie Drysdale
Penalty Shots
Mika Zibanejad, Steven Stamkos, Matthew Boldy, Carter Verhaeghe, Jared McCann
New York Rangers
5 vs 5 Forward
Center Left Wing Right Wing Time % Phy DF OF
1 Nathan MacKinnon Artemi Panarin Cole Caufield 30 0 1 4
2 Pierre-Luc Dubois Gabriel Landeskog Mathew Barzal 30 1 1 3
3 Filip Chytil Andre Burakovsky Mikael Granlund 25 1 2 2
4 David Kampf Conor Garland Tyler Motte 15 1 3 1
5 vs 5 Defense
Defense Defense Time % Phy DF OF
1 Cam Fowler Adam Larsson 30 1 2 2
2 Dmitry Kulikov Mark Giordano 30 1 2 2
3 Matthew Benning Jake McCabe 25 1 2 2
4 Cam Fowler Adam Larsson 15 1 2 2
PowerPlay Forward
Center Left Wing Right Wing Time % Phy DF OF
1 Nathan MacKinnon Artemi Panarin Pierre-Luc Dubois 50 0 1 4
2 Gabriel Landeskog Andre Burakovsky Cole Caufield 50 0 1 4
PowerPlay Defense
Defense Defense Time % Phy DF OF
1 Mathew Barzal Adam Larsson 50 1 1 3
2 Conor Garland Mark Giordano 50 1 1 3
Penalty Kill 4 Players Forward
Center Wing Time % Phy DF OF
1 David Kampf Tyler Motte 50 1 3 1
2 Pierre-Luc Dubois Conor Garland 50 1 3 1
Penalty Kill 4 Players Defense
Defense Defense Time % Phy DF OF
1 Matthew Benning Dmitry Kulikov 50 1 3 1
2 Adam Larsson Mark Giordano 50 1 3 1
Penalty Kill - 3 Players Forward
Forward Time % Phy DF OF
1 Nathan MacKinnon 50 1 2 2
2 Artemi Panarin 50 1 2 2
Penalty Kill - 3 Players Defense
Defense Defense Time % Phy DF OF
1 Matthew Benning Dmitry Kulikov 50 1 3 1
2 Adam Larsson Mark Giordano 50 1 3 1
4 vs 4 Forward
Center Wing Time % Phy DF OF
1 Nathan MacKinnon Artemi Panarin 50 0 2 3
2 Pierre-Luc Dubois Mathew Barzal 50 0 2 3
4 vs 4 Defense
Defense Defense Time % Phy DF OF
1 Cam Fowler Adam Larsson 50 1 2 2
2 Dmitry Kulikov Mark Giordano 50 1 2 2
Last Minutes Offensive
Center Left Wing Right Wing Defense Defense
Nathan MacKinnon Artemi Panarin Pierre-Luc Dubois Cam Fowler Adam Larsson
Last Minutes Defensive
Center Left Wing Right Wing Defense Defense
David Kampf Tyler Motte Mikael Granlund Dmitry Kulikov Adam Larsson
Goaltenders
Starting : Igor Shesterkin
Backup : Tristan Jarry
Extra Forwards
Normal : Nathan MacKinnon, Pierre-Luc Dubois, Gabriel Landeskog - PP : Gabriel Landeskog, Cole Caufield - PK : David Kampf
Extra Defensemen
Normal : Matthew Benning, Jake McCabe, Dmitry Kulikov - PP : Matthew Benning - PK : Jake McCabe, Dmitry Kulikov
Penalty Shots
Artemi Panarin, Cole Caufield, Pierre-Luc Dubois, Mark Giordano, David Kampf
% Time on Ice - Detroit Red Wings
Lines # - Real PCT - Wanted PCT - Time Play
Normal Forward
1 - 36% - 40% - 19:34
2 - 28% - 30% - 15:00
3 - 21% - 20% - 11:10
4 - 15% - 10% - 8:19
Normal Defense
1 - 37% - 40% - 20:11
2 - 36% - 30% - 19:24
3 - 22% - 20% - 11:50
4 - 5% - 10% - 2:38
PP Forward
1 - 47% - 50% - 1:52
2 - 53% - 50% - 2:06
PP Defense
1 - 47% - 50% - 1:52
2 - 53% - 50% - 2:06
PK Forward
1 - 51% - 50% - 1:01
2 - 49% - 50% - 0:58
PK Defense
1 - 49% - 50% - 0:58
2 - 51% - 50% - 1:01
PK3 Forward
1 - 0% - 50%
2 - 0% - 50%
PK3 Defense
1 - 0% - 50%
2 - 0% - 50%
44 Forward
1 - 0% - 60%
2 - 0% - 40%
44 Defense
1 - 0% - 60%
2 - 0% - 40%
Last Minute Offensive - 0:00
Last Minute Defensive - 0:00
Total
Forward - 60:00
Defense - 60:00
|
% Time on Ice - New York Rangers
Lines # - Real PCT - Wanted PCT - Time Play
Normal Forward
1 - 29% - 30% - 15:45
2 - 29% - 30% - 15:43
3 - 27% - 25% - 14:22
4 - 15% - 15% - 8:13
Normal Defense
1 - 28% - 30% - 15:01
2 - 32% - 30% - 17:19
3 - 29% - 25% - 15:55
4 - 11% - 15% - 5:48
PP Forward
1 - 54% - 50% - 1:04
2 - 46% - 50% - 0:55
PP Defense
1 - 68% - 50% - 1:21
2 - 32% - 50% - 0:38
PK Forward
1 - 58% - 50% - 2:19
2 - 42% - 50% - 1:39
PK Defense
1 - 49% - 50% - 1:57
2 - 51% - 50% - 2:01
PK3 Forward
1 - 0% - 50%
2 - 0% - 50%
PK3 Defense
1 - 0% - 50%
2 - 0% - 50%
44 Forward
1 - 0% - 50%
2 - 0% - 50%
44 Defense
1 - 0% - 50%
2 - 0% - 50%
Last Minute Offensive - 0:00
Last Minute Defensive - 0:00
Total
Forward - 60:00
Defense - 60:00
|
Play-by-Play
1st period
0:01 of 1st period - Nathan MacKinnon wins face-off versus Mika Zibanejad in neutral zone.
0:30 of 1st period - Wrist shot by Mathew Barzal.
0:30 of 1st period - Shot Misses the Net.
0:32 of 1st period - Slapshot by Dmitry Kulikov.
0:32 of 1st period - Shot Misses the Net.
0:34 of 1st period - Snap shot by Pierre-Luc Dubois.
0:34 of 1st period - Stopped by Semyon Varlamov without a rebound.
0:35 of 1st period - Filip Chytil wins face-off versus Josh Bailey in Detroit Red Wings zone.
0:42 of 1st period - Snap shot by Andre Burakovsky.
0:42 of 1st period - Deflect By Mikael Granlund.
0:42 of 1st period - Shot Misses the Net.
0:42 of 1st period - Puck is out of play.
0:43 of 1st period - Filip Chytil wins face-off versus Josh Bailey in Detroit Red Wings zone.
0:46 of 1st period - Snap shot by Andre Burakovsky.
0:46 of 1st period - Shot Misses the Net.
1:34 of 1st period - Backhand shot by Filip Chytil.
1:34 of 1st period - Shot Misses the Net.
1:36 of 1st period - Snap shot by Mikael Granlund.
1:36 of 1st period - Shot Misses the Net.
1:38 of 1st period - Slapshot by Matthew Benning.
1:38 of 1st period - Deflect By Filip Chytil.
1:38 of 1st period - Shot Blocked by Shayne Gostisbehere.
1:38 of 1st period - Puck is out of play.
1:39 of 1st period - Mika Zibanejad wins face-off versus David Kampf in Detroit Red Wings zone.
2:16 of 1st period - Snap shot by Pierre-Luc Dubois.
2:16 of 1st period - Deflect By Jason Zucker.
2:16 of 1st period - Goal by Pierre-Luc Dubois - Detroit Red Wings : 0 - New York Rangers : 1.
2:17 of 1st period - Nathan MacKinnon wins face-off versus Mika Zibanejad in neutral zone.
2:34 of 1st period - Wrist shot by Artemi Panarin.
2:34 of 1st period - Stopped by Semyon Varlamov without a rebound.
2:35 of 1st period - Josh Bailey wins face-off versus Pierre-Luc Dubois in Detroit Red Wings zone.
2:46 of 1st period - Snap shot by Daniel Sprong.
2:46 of 1st period - Shot Misses the Net.
2:48 of 1st period - Snap shot by Daniel Sprong.
2:48 of 1st period - Shot Blocked by Adam Larsson.
2:50 of 1st period - Snap shot by Daniel Sprong.
2:50 of 1st period - Shot Blocked by Cam Fowler.
3:23 of 1st period - Dmitry Kulikov is hit by Philippe Myers and loses puck.
3:32 of 1st period - Wrist shot by Conor Garland.
3:32 of 1st period - Stopped by Semyon Varlamov without a rebound.
3:33 of 1st period - Brock Nelson wins face-off versus Pierre-Luc Dubois in Detroit Red Wings zone.
3:44 of 1st period - Jake McCabe is hit by Brock Nelson and loses puck.
4:05 of 1st period - Slapshot by Nathan MacKinnon.
4:05 of 1st period - Shot Misses the Net.
4:07 of 1st period - Slapshot by Matthew Benning.
4:07 of 1st period - Deflect By Mika Zibanejad.
4:07 of 1st period - Stopped by Semyon Varlamov with a rebound.
4:09 of 1st period - Wrist shot by Artemi Panarin.
4:09 of 1st period - Shot Blocked by MacKenzie Weegar.
4:11 of 1st period - Slapshot by Matthew Benning.
4:11 of 1st period - Stopped by Semyon Varlamov with a rebound.
4:18 of 1st period - Icing by Steven Stamkos.
4:19 of 1st period - Conor Garland wins face-off versus Mika Zibanejad in Detroit Red Wings zone.
4:20 of 1st period - Snap shot by David Kampf.
4:20 of 1st period - Shot Blocked by Kevin Shattenkirk.
4:30 of 1st period - Snap shot by Steven Stamkos.
4:30 of 1st period - Stopped by Igor Shesterkin with a rebound.
4:46 of 1st period - Snap shot by Steven Stamkos.
4:46 of 1st period - Shot Blocked by Gabriel Landeskog.
4:48 of 1st period - Slapshot by Steven Stamkos.
4:48 of 1st period - Stopped by Igor Shesterkin with a rebound.
4:58 of 1st period - Wrist shot by Steven Stamkos.
4:58 of 1st period - Shot Misses the Net.
5:00 of 1st period - Slapshot by MacKenzie Weegar.
5:00 of 1st period - Shot Blocked by Mathew Barzal.
5:53 of 1st period - Mathew Barzal is hit by Jonathan Huberdeau.
5:57 of 1st period - Snap shot by Pierre-Luc Dubois.
5:57 of 1st period - Stopped by Semyon Varlamov without a rebound.
5:58 of 1st period - Nathan MacKinnon wins face-off versus Brock Nelson in Detroit Red Wings zone.
5:59 of 1st period - Snap shot by Artemi Panarin.
5:59 of 1st period - Shot Misses the Net.
6:07 of 1st period - Snap shot by Brock Nelson.
6:07 of 1st period - Shot Misses the Net.
6:25 of 1st period - Zach Bogosian is hit by Dmitry Kulikov and loses puck.
6:38 of 1st period - Wrist shot by Carter Verhaeghe.
6:38 of 1st period - Shot Misses the Net.
6:58 of 1st period - Wrist shot by Matthew Boldy.
6:58 of 1st period - Deflect By Matthew Benning.
6:58 of 1st period - Stopped by Igor Shesterkin with a rebound.
7:18 of 1st period - Wrist shot by Brock Nelson.
7:18 of 1st period - Shot Blocked by Filip Chytil.
8:34 of 1st period - Slapshot by Andre Burakovsky.
8:34 of 1st period - Shot Blocked by Shayne Gostisbehere.
8:54 of 1st period - Snap shot by Brock Nelson.
8:54 of 1st period - Stopped by Igor Shesterkin with a rebound.
8:58 of 1st period - Snap shot by Carter Verhaeghe.
8:58 of 1st period - Shot Misses the Net.
9:00 of 1st period - Snap shot by Carter Verhaeghe.
9:00 of 1st period - Shot Misses the Net.
9:08 of 1st period - Snap shot by Brock Nelson.
9:08 of 1st period - Deflect By Matthew Benning.
9:08 of 1st period - Stopped by Igor Shesterkin with a rebound.
9:10 of 1st period - Snap shot by Shayne Gostisbehere.
9:10 of 1st period - Shot Blocked by Matthew Benning.
9:20 of 1st period - Backhand shot by Brock Nelson.
9:20 of 1st period - Deflect By Matthew Boldy.
9:20 of 1st period - Stopped by Igor Shesterkin with a rebound.
9:52 of 1st period - Slapshot by Matthew Boldy.
9:52 of 1st period - Stopped by Igor Shesterkin without a rebound.
9:53 of 1st period - Nathan MacKinnon wins face-off versus Josh Bailey in New York Rangers zone.
9:58 of 1st period - Jared McCann is hit by Cam Fowler and loses puck.
10:21 of 1st period - Adam Larsson is hit by Philippe Myers and loses puck.
11:09 of 1st period - Snap shot by Pierre-Luc Dubois.
11:09 of 1st period - Shot Misses the Net.
11:11 of 1st period - Slapshot by Dmitry Kulikov.
11:11 of 1st period - Shot Misses the Net.
11:17 of 1st period - Snap shot by Nathan MacKinnon.
11:17 of 1st period - Stopped by Semyon Varlamov with a rebound.
11:19 of 1st period - Snap shot by Nathan MacKinnon.
11:19 of 1st period - Goal by Nathan MacKinnon - Detroit Red Wings : 0 - New York Rangers : 2.
11:20 of 1st period - Josh Bailey wins face-off versus Artemi Panarin in neutral zone.
11:45 of 1st period - Cole Caufield is hit by Arthur Kaliyev and loses puck.
11:54 of 1st period - Snap shot by Artemi Panarin.
11:54 of 1st period - Stopped by Semyon Varlamov without a rebound.
11:55 of 1st period - Mika Zibanejad wins face-off versus David Kampf in Detroit Red Wings zone.
12:22 of 1st period - David Kampf is hit by Philippe Myers and loses puck.
12:39 of 1st period - Snap shot by Conor Garland.
12:39 of 1st period - Shot Misses the Net.
12:50 of 1st period - Mark Giordano is hit by Kevin Shattenkirk and loses puck.
13:05 of 1st period - Mark Giordano is hit by Philippe Myers and loses puck.
13:47 of 1st period - Off-side.
13:48 of 1st period - Nathan MacKinnon wins face-off versus Mika Zibanejad in neutral zone.
14:11 of 1st period - Snap shot by Arthur Kaliyev.
14:11 of 1st period - Stopped by Igor Shesterkin without a rebound.
14:12 of 1st period - Pierre-Luc Dubois wins face-off versus Arthur Kaliyev in New York Rangers zone.
14:37 of 1st period - Tyler Motte is hit by Steven Stamkos and loses puck.
15:04 of 1st period - Wrist shot by Nathan MacKinnon.
15:04 of 1st period - Shot Misses the Net.
15:06 of 1st period - Slapshot by Jake McCabe.
15:06 of 1st period - Deflect By Shayne Gostisbehere.
15:06 of 1st period - Stopped by Semyon Varlamov with a rebound.
15:08 of 1st period - Snap shot by Jake McCabe.
15:08 of 1st period - Shot Misses the Net.
15:28 of 1st period - Jason Zucker is hit by Pierre-Luc Dubois and loses puck.
15:43 of 1st period - Snap shot by Steven Stamkos.
15:43 of 1st period - Goal by Steven Stamkos - Detroit Red Wings : 1 - New York Rangers : 2.
15:44 of 1st period - Nathan MacKinnon wins face-off versus Mika Zibanejad in neutral zone.
15:49 of 1st period - Snap shot by Artemi Panarin.
15:49 of 1st period - Stopped by Semyon Varlamov with a rebound.
16:29 of 1st period - Mathew Barzal is hit by MacKenzie Weegar and loses puck.
17:01 of 1st period - Wrist shot by Mathew Barzal.
17:01 of 1st period - Shot Misses the Net.
17:03 of 1st period - Snap shot by Adam Larsson.
17:03 of 1st period - Deflect By Daniel Sprong.
17:03 of 1st period - Stopped by Semyon Varlamov without a rebound.
17:04 of 1st period - Nathan MacKinnon wins face-off versus Mika Zibanejad in Detroit Red Wings zone.
17:09 of 1st period - Wrist shot by Nathan MacKinnon.
17:09 of 1st period - Stopped by Semyon Varlamov with a rebound.
17:11 of 1st period - Snap shot by Artemi Panarin.
17:11 of 1st period - Shot Misses the Net.
17:13 of 1st period - Slapshot by Dmitry Kulikov.
17:13 of 1st period - Stopped by Semyon Varlamov with a rebound.
17:17 of 1st period - Wrist shot by Artemi Panarin.
17:17 of 1st period - Shot Misses the Net.
17:19 of 1st period - Wrist shot by Nathan MacKinnon.
17:19 of 1st period - Shot Blocked by Steven Stamkos.
17:33 of 1st period - Tyler Motte is hit by Carter Verhaeghe and loses puck.
17:42 of 1st period - Snap shot by Carter Verhaeghe.
17:42 of 1st period - Shot Misses the Net.
17:44 of 1st period - Slapshot by Carter Verhaeghe.
17:44 of 1st period - Shot Misses the Net.
17:58 of 1st period - Jason Zucker is hit by Mikael Granlund.
18:51 of 1st period - Snap shot by Jared McCann.
18:51 of 1st period - Stopped by Igor Shesterkin without a rebound.
18:52 of 1st period - Nathan MacKinnon wins face-off versus Josh Bailey in New York Rangers zone.
18:52 of 1st period - Nathan MacKinnon is hit by Josh Bailey.
19:00 of 1st period - Snap shot by Artemi Panarin.
19:00 of 1st period - Stopped by Semyon Varlamov without a rebound.
19:01 of 1st period - Nathan MacKinnon wins face-off versus Mika Zibanejad in Detroit Red Wings zone.
19:24 of 1st period - MacKenzie Weegar is hit by Cole Caufield and loses puck.
Goals for this period are 1 for Detroit Red Wings vs 2 for New York Rangers.
Shots for this period are 10 for Detroit Red Wings vs 16 for New York Rangers.
2nd period
0:01 of 2nd period - Mika Zibanejad wins face-off versus Pierre-Luc Dubois in neutral zone.
0:08 of 2nd period - Snap shot by Mika Zibanejad.
0:08 of 2nd period - Stopped by Igor Shesterkin with a rebound.
0:10 of 2nd period - Snap shot by Kevin Shattenkirk.
0:10 of 2nd period - Stopped by Igor Shesterkin with a rebound.
0:12 of 2nd period - Slapshot by MacKenzie Weegar.
0:12 of 2nd period - Stopped by Igor Shesterkin with a rebound.
0:14 of 2nd period - Slapshot by MacKenzie Weegar.
0:14 of 2nd period - Stopped by Igor Shesterkin without a rebound.
0:15 of 2nd period - Brock Nelson wins face-off versus Filip Chytil in New York Rangers zone.
0:18 of 2nd period - Snap shot by Carter Verhaeghe.
0:18 of 2nd period - Stopped by Igor Shesterkin without a rebound.
0:19 of 2nd period - Filip Chytil wins face-off versus Brock Nelson in New York Rangers zone.
0:47 of 2nd period - Slapshot by Mathew Barzal.
0:47 of 2nd period - Stopped by Semyon Varlamov with a rebound.
0:49 of 2nd period - Wrist shot by Gabriel Landeskog.
0:49 of 2nd period - Stopped by Semyon Varlamov with a rebound.
1:17 of 2nd period - Snap shot by Daniel Sprong.
1:17 of 2nd period - Shot Misses the Net.
1:19 of 2nd period - Slapshot by Kevin Shattenkirk.
1:19 of 2nd period - Deflect By Josh Bailey.
1:19 of 2nd period - Stopped by Igor Shesterkin with a rebound.
2:12 of 2nd period - Wrist shot by Conor Garland.
2:12 of 2nd period - Stopped by Semyon Varlamov with a rebound.
2:14 of 2nd period - Slapshot by Tyler Motte.
2:14 of 2nd period - Stopped by Semyon Varlamov with a rebound.
2:16 of 2nd period - Slapshot by Matthew Benning.
2:16 of 2nd period - Shot Misses the Net.
2:18 of 2nd period - Wrist shot by Conor Garland.
2:18 of 2nd period - Goal by Conor Garland - Detroit Red Wings : 1 - New York Rangers : 3.
2:19 of 2nd period - Pierre-Luc Dubois wins face-off versus Mika Zibanejad in neutral zone.
2:28 of 2nd period - Backhand shot by Pierre-Luc Dubois.
2:28 of 2nd period - Deflect By Mathew Barzal.
2:28 of 2nd period - Stopped by Semyon Varlamov with a rebound.
2:30 of 2nd period - Slapshot by Adam Larsson.
2:30 of 2nd period - Stopped by Semyon Varlamov without a rebound.
2:31 of 2nd period - Pierre-Luc Dubois wins face-off versus Mika Zibanejad in Detroit Red Wings zone.
2:35 of 2nd period - Minor Penalty to Steven Stamkos for Tripping.
2:36 of 2nd period - Nathan MacKinnon wins face-off versus Mika Zibanejad in Detroit Red Wings zone.
4:35 of 2nd period - Penalty to Steven Stamkos is over, Steven Stamkos is back on ice.
5:20 of 2nd period - Minor Penalty to Tyler Motte for Interference.
5:21 of 2nd period - David Kampf wins face-off versus Carter Verhaeghe in New York Rangers zone.
7:20 of 2nd period - Penalty to Tyler Motte is over, Tyler Motte is back on ice.
7:37 of 2nd period - Slapshot by Gabriel Landeskog.
7:37 of 2nd period - Shot Blocked by Shayne Gostisbehere.
7:39 of 2nd period - Slapshot by Mikael Granlund.
7:39 of 2nd period - Stopped by Semyon Varlamov without a rebound.
7:40 of 2nd period - Andre Burakovsky wins face-off versus Sean Couturier in Detroit Red Wings zone.
7:45 of 2nd period - Snap shot by Andre Burakovsky.
7:45 of 2nd period - Stopped by Semyon Varlamov with a rebound.
7:51 of 2nd period - Slapshot by Jason Zucker.
7:51 of 2nd period - Stopped by Igor Shesterkin without a rebound.
7:52 of 2nd period - Pierre-Luc Dubois wins face-off versus Sean Couturier in New York Rangers zone.
8:01 of 2nd period - Snap shot by Jason Zucker.
8:01 of 2nd period - Stopped by Igor Shesterkin without a rebound.
8:02 of 2nd period - Pierre-Luc Dubois wins face-off versus Sean Couturier in New York Rangers zone.
8:17 of 2nd period - Snap shot by Jason Zucker.
8:17 of 2nd period - Stopped by Igor Shesterkin without a rebound.
8:18 of 2nd period - Mika Zibanejad wins face-off versus Nathan MacKinnon in New York Rangers zone.
8:45 of 2nd period - Mathew Barzal is hit by Matthew Boldy and loses puck.
8:52 of 2nd period - Snap shot by Matthew Boldy.
8:52 of 2nd period - Stopped by Igor Shesterkin with a rebound.
8:54 of 2nd period - Snap shot by MacKenzie Weegar.
8:54 of 2nd period - Shot Blocked by Dmitry Kulikov.
9:19 of 2nd period - Wrist shot by Carter Verhaeghe.
9:19 of 2nd period - Stopped by Igor Shesterkin without a rebound.
9:20 of 2nd period - Mika Zibanejad wins face-off versus Nathan MacKinnon in New York Rangers zone.
9:25 of 2nd period - Snap shot by Steven Stamkos.
9:25 of 2nd period - Shot Misses the Net.
9:27 of 2nd period - Snap shot by Shayne Gostisbehere.
9:27 of 2nd period - Shot Misses the Net.
9:29 of 2nd period - Wrist shot by Jonathan Huberdeau.
9:29 of 2nd period - Shot Blocked by Adam Larsson.
9:31 of 2nd period - Wrist shot by Jonathan Huberdeau.
9:31 of 2nd period - Shot Blocked by Adam Larsson.
9:52 of 2nd period - Snap shot by Daniel Sprong.
9:52 of 2nd period - Shot Misses the Net.
10:16 of 2nd period - Snap shot by Tyler Motte.
10:16 of 2nd period - Stopped by Semyon Varlamov without a rebound.
10:17 of 2nd period - Mika Zibanejad wins face-off versus Pierre-Luc Dubois in Detroit Red Wings zone.
10:57 of 2nd period - Shayne Gostisbehere is hit by Cole Caufield and loses puck.
11:15 of 2nd period - Slapshot by Artemi Panarin.
11:15 of 2nd period - Shot Misses the Net.
11:33 of 2nd period - Snap shot by Daniel Sprong.
11:33 of 2nd period - Stopped by Igor Shesterkin without a rebound.
11:34 of 2nd period - Filip Chytil wins face-off versus Josh Bailey in New York Rangers zone.
11:34 of 2nd period - Filip Chytil is hit by Josh Bailey.
11:40 of 2nd period - Kevin Shattenkirk is hit by Adam Larsson and loses puck.
11:49 of 2nd period - Slapshot by Mikael Granlund.
11:49 of 2nd period - Shot Blocked by Kevin Shattenkirk.
12:14 of 2nd period - Wrist shot by Josh Bailey.
12:14 of 2nd period - Stopped by Igor Shesterkin without a rebound.
12:15 of 2nd period - Filip Chytil wins face-off versus Mika Zibanejad in New York Rangers zone.
12:24 of 2nd period - Wrist shot by Andre Burakovsky.
12:24 of 2nd period - Stopped by Semyon Varlamov without a rebound.
12:25 of 2nd period - Mika Zibanejad wins face-off versus Filip Chytil in Detroit Red Wings zone.
12:38 of 2nd period - Wrist shot by Andre Burakovsky.
12:38 of 2nd period - Goal by Andre Burakovsky - Detroit Red Wings : 1 - New York Rangers : 4.
12:39 of 2nd period - Mika Zibanejad wins face-off versus Pierre-Luc Dubois in neutral zone.
12:42 of 2nd period - Slapshot by Kevin Shattenkirk.
12:42 of 2nd period - Stopped by Igor Shesterkin with a rebound.
12:44 of 2nd period - Snap shot by MacKenzie Weegar.
12:44 of 2nd period - Stopped by Igor Shesterkin without a rebound.
12:45 of 2nd period - Pierre-Luc Dubois wins face-off versus Mika Zibanejad in New York Rangers zone.
12:47 of 2nd period - Icing by Gabriel Landeskog.
12:48 of 2nd period - Mika Zibanejad wins face-off versus Pierre-Luc Dubois in New York Rangers zone.
12:49 of 2nd period - Wrist shot by Steven Stamkos.
12:49 of 2nd period - Deflect By Mika Zibanejad.
12:49 of 2nd period - Stopped by Igor Shesterkin without a rebound.
12:50 of 2nd period - Nathan MacKinnon wins face-off versus Mika Zibanejad in New York Rangers zone.
13:01 of 2nd period - Snap shot by Artemi Panarin.
13:01 of 2nd period - Stopped by Semyon Varlamov with a rebound.
13:57 of 2nd period - Snap shot by Jason Zucker.
13:57 of 2nd period - Deflect By Dmitry Kulikov.
13:57 of 2nd period - Stopped by Igor Shesterkin with a rebound.
13:59 of 2nd period - Slapshot by Jason Zucker.
13:59 of 2nd period - Shot Blocked by Conor Garland.
14:01 of 2nd period - Wrist shot by Arthur Kaliyev.
14:01 of 2nd period - Shot Misses the Net.
14:03 of 2nd period - Snap shot by Zach Bogosian.
14:03 of 2nd period - Deflect By Arthur Kaliyev.
14:03 of 2nd period - Goal by Arthur Kaliyev - Detroit Red Wings : 2 - New York Rangers : 4.
14:04 of 2nd period - Nathan MacKinnon wins face-off versus Mika Zibanejad in neutral zone.
14:43 of 2nd period - Wrist shot by Steven Stamkos.
14:43 of 2nd period - Stopped by Igor Shesterkin without a rebound.
14:44 of 2nd period - Brock Nelson wins face-off versus Pierre-Luc Dubois in New York Rangers zone.
14:45 of 2nd period - Snap shot by Matthew Boldy.
14:45 of 2nd period - Stopped by Igor Shesterkin without a rebound.
14:46 of 2nd period - Pierre-Luc Dubois wins face-off versus Brock Nelson in New York Rangers zone.
14:55 of 2nd period - Slapshot by Brock Nelson.
14:55 of 2nd period - Stopped by Igor Shesterkin without a rebound.
14:56 of 2nd period - Pierre-Luc Dubois wins face-off versus Mika Zibanejad in New York Rangers zone.
15:12 of 2nd period - Wrist shot by Mathew Barzal.
15:12 of 2nd period - Shot Misses the Net.
15:27 of 2nd period - Icing by Dmitry Kulikov.
15:28 of 2nd period - Filip Chytil wins face-off versus Brock Nelson in New York Rangers zone.
15:43 of 2nd period - Wrist shot by Matthew Boldy.
15:43 of 2nd period - Shot Misses the Net.
15:45 of 2nd period - Backhand shot by Matthew Boldy.
15:45 of 2nd period - Stopped by Igor Shesterkin without a rebound.
15:46 of 2nd period - Nathan MacKinnon wins face-off versus Steven Stamkos in New York Rangers zone.
15:57 of 2nd period - Jonathan Huberdeau is hit by Cole Caufield and loses puck.
16:16 of 2nd period - Pierre-Luc Dubois is hit by Carter Verhaeghe and loses puck.
16:52 of 2nd period - Wrist shot by Brock Nelson.
16:52 of 2nd period - Shot Misses the Net.
16:54 of 2nd period - Snap shot by Carter Verhaeghe.
16:54 of 2nd period - Shot Misses the Net.
16:56 of 2nd period - Slapshot by Brock Nelson.
16:56 of 2nd period - Stopped by Igor Shesterkin with a rebound.
16:58 of 2nd period - Snap shot by Brock Nelson.
16:58 of 2nd period - Shot Misses the Net.
17:00 of 2nd period - Snap shot by Kevin Shattenkirk.
17:00 of 2nd period - Deflect By Matthew Boldy.
17:00 of 2nd period - Stopped by Igor Shesterkin with a rebound.
17:04 of 2nd period - Slapshot by Brock Nelson.
17:04 of 2nd period - Deflect By Carter Verhaeghe.
17:04 of 2nd period - Stopped by Igor Shesterkin without a rebound.
17:05 of 2nd period - Mika Zibanejad wins face-off versus Nathan MacKinnon in New York Rangers zone.
17:57 of 2nd period - Wrist shot by Nathan MacKinnon.
17:57 of 2nd period - Stopped by Semyon Varlamov without a rebound.
17:58 of 2nd period - Pierre-Luc Dubois wins face-off versus Josh Bailey in Detroit Red Wings zone.
18:05 of 2nd period - Snap shot by Pierre-Luc Dubois.
18:05 of 2nd period - Stopped by Semyon Varlamov with a rebound.
18:07 of 2nd period - Snap shot by Mathew Barzal.
18:07 of 2nd period - Shot Blocked by Jamie Drysdale.
18:09 of 2nd period - Snap shot by Mathew Barzal.
18:09 of 2nd period - Shot Misses the Net.
18:11 of 2nd period - Snap shot by Mathew Barzal.
18:11 of 2nd period - Stopped by Semyon Varlamov with a rebound.
18:32 of 2nd period - Snap shot by Steven Stamkos.
18:32 of 2nd period - Stopped by Igor Shesterkin without a rebound.
18:33 of 2nd period - Mika Zibanejad wins face-off versus Filip Chytil in New York Rangers zone.
18:48 of 2nd period - Wrist shot by Mika Zibanejad.
18:48 of 2nd period - Stopped by Igor Shesterkin without a rebound.
18:49 of 2nd period - Brock Nelson wins face-off versus Pierre-Luc Dubois in New York Rangers zone.
18:53 of 2nd period - Minor Penalty to Gabriel Landeskog for Slashing.
18:54 of 2nd period - Conor Garland wins face-off versus Steven Stamkos in New York Rangers zone.
19:44 of 2nd period - Dmitry Kulikov is hit by Steven Stamkos and loses puck.
Goals for this period are 1 for Detroit Red Wings vs 2 for New York Rangers.
Shots for this period are 27 for Detroit Red Wings vs 16 for New York Rangers.
3rd period
0:01 of 3rd period - Pierre-Luc Dubois wins face-off versus Mika Zibanejad in neutral zone.
0:40 of 3rd period - Icing by Steven Stamkos.
0:41 of 3rd period - Pierre-Luc Dubois wins face-off versus Steven Stamkos in Detroit Red Wings zone.
0:53 of 3rd period - Penalty to Gabriel Landeskog is over, Gabriel Landeskog is back on ice.
1:18 of 3rd period - Snap shot by Carter Verhaeghe.
1:18 of 3rd period - Shot Misses the Net.
1:20 of 3rd period - Snap shot by Shayne Gostisbehere.
1:20 of 3rd period - Shot Misses the Net.
1:22 of 3rd period - Slapshot by Shayne Gostisbehere.
1:22 of 3rd period - Shot Blocked by Mark Giordano.
1:24 of 3rd period - Snap shot by Matthew Boldy.
1:24 of 3rd period - Stopped by Igor Shesterkin without a rebound.
1:25 of 3rd period - Josh Bailey wins face-off versus Artemi Panarin in New York Rangers zone.
1:59 of 3rd period - Slapshot by Kevin Shattenkirk.
1:59 of 3rd period - Stopped by Igor Shesterkin without a rebound.
2:00 of 3rd period - Josh Bailey wins face-off versus Nathan MacKinnon in New York Rangers zone.
2:09 of 3rd period - Wrist shot by Daniel Sprong.
2:09 of 3rd period - Stopped by Igor Shesterkin with a rebound.
2:11 of 3rd period - Slapshot by Shayne Gostisbehere.
2:11 of 3rd period - Deflect By Daniel Sprong.
2:11 of 3rd period - Shot Misses the Net.
2:11 of 3rd period - Puck is out of play.
2:12 of 3rd period - Mika Zibanejad wins face-off versus Pierre-Luc Dubois in New York Rangers zone.
3:25 of 3rd period - Zach Bogosian is hit by Artemi Panarin and loses puck.
3:42 of 3rd period - Wrist shot by Mikael Granlund.
3:42 of 3rd period - Stopped by Semyon Varlamov without a rebound.
3:43 of 3rd period - Filip Chytil wins face-off versus Mika Zibanejad in Detroit Red Wings zone.
3:46 of 3rd period - Snap shot by Andre Burakovsky.
3:46 of 3rd period - Stopped by Semyon Varlamov with a rebound.
3:52 of 3rd period - Snap shot by Mika Zibanejad.
3:52 of 3rd period - Stopped by Igor Shesterkin with a rebound.
3:54 of 3rd period - Slapshot by MacKenzie Weegar.
3:54 of 3rd period - Shot Hit the Post.
3:56 of 3rd period - Snap shot by Kevin Shattenkirk.
3:56 of 3rd period - Shot Misses the Net.
4:20 of 3rd period - Wrist shot by Steven Stamkos.
4:20 of 3rd period - Shot Misses the Net.
4:47 of 3rd period - Snap shot by Jonathan Huberdeau.
4:47 of 3rd period - Stopped by Igor Shesterkin with a rebound.
5:03 of 3rd period - Snap shot by Mika Zibanejad.
5:03 of 3rd period - Stopped by Igor Shesterkin without a rebound.
5:04 of 3rd period - Nathan MacKinnon wins face-off versus Brock Nelson in New York Rangers zone.
5:04 of 3rd period - Nathan MacKinnon is hit by Kevin Shattenkirk.
5:12 of 3rd period - Slapshot by Nathan MacKinnon.
5:12 of 3rd period - Shot Misses the Net.
5:14 of 3rd period - Wrist shot by Artemi Panarin.
5:14 of 3rd period - Shot Misses the Net.
5:16 of 3rd period - Slapshot by Cole Caufield.
5:16 of 3rd period - Stopped by Semyon Varlamov with a rebound.
6:12 of 3rd period - Brock Nelson is hit by Cole Caufield and loses puck.
7:56 of 3rd period - Mikael Granlund is hit by Steven Stamkos and loses puck.
9:42 of 3rd period - Icing by Nathan MacKinnon.
9:43 of 3rd period - Josh Bailey wins face-off versus Nathan MacKinnon in New York Rangers zone.
9:54 of 3rd period - Cole Caufield is hit by MacKenzie Weegar and loses puck.
10:14 of 3rd period - Gabriel Landeskog is hit by Matthew Boldy and loses puck.
11:23 of 3rd period - Kevin Shattenkirk is hit by Jake McCabe.
11:45 of 3rd period - Snap shot by Gabriel Landeskog.
11:45 of 3rd period - Stopped by Semyon Varlamov without a rebound.
11:46 of 3rd period - Filip Chytil wins face-off versus Mika Zibanejad in Detroit Red Wings zone.
12:13 of 3rd period - Philippe Myers is hit by Adam Larsson and loses puck.
12:56 of 3rd period - MacKenzie Weegar is hit by David Kampf and loses puck.
13:35 of 3rd period - Adam Larsson is hit by Philippe Myers and loses puck.
13:50 of 3rd period - Brock Nelson is hit by Gabriel Landeskog.
14:00 of 3rd period - Shayne Gostisbehere is hit by Cole Caufield and loses puck.
14:23 of 3rd period - Slapshot by Tyler Motte.
14:23 of 3rd period - Shot Misses the Net.
14:25 of 3rd period - Slapshot by Conor Garland.
14:25 of 3rd period - Shot Misses the Net.
14:27 of 3rd period - Snap shot by Dmitry Kulikov.
14:27 of 3rd period - Shot Misses the Net.
14:29 of 3rd period - Snap shot by Mark Giordano.
14:29 of 3rd period - Shot Blocked by Shayne Gostisbehere.
14:45 of 3rd period - Snap shot by Andre Burakovsky.
14:45 of 3rd period - Stopped by Semyon Varlamov without a rebound.
14:46 of 3rd period - Nathan MacKinnon wins face-off versus Mika Zibanejad in Detroit Red Wings zone.
15:13 of 3rd period - MacKenzie Weegar is hit by Filip Chytil and loses puck.
15:57 of 3rd period - Wrist shot by Mathew Barzal.
15:57 of 3rd period - Shot Blocked by Carter Verhaeghe.
15:59 of 3rd period - Wrist shot by Mathew Barzal.
15:59 of 3rd period - Goal by Mathew Barzal - Detroit Red Wings : 2 - New York Rangers : 5.
16:00 of 3rd period - Pierre-Luc Dubois wins face-off versus Steven Stamkos in neutral zone.
16:55 of 3rd period - Snap shot by Daniel Sprong.
16:55 of 3rd period - Deflect By Jared McCann.
16:55 of 3rd period - Shot Misses the Net.
16:55 of 3rd period - Puck is out of play.
16:56 of 3rd period - Pierre-Luc Dubois wins face-off versus Josh Bailey in New York Rangers zone.
17:47 of 3rd period - Zach Bogosian is hit by Nathan MacKinnon and loses puck.
18:39 of 3rd period - Wrist shot by Gabriel Landeskog.
18:39 of 3rd period - Shot Misses the Net.
19:09 of 3rd period - Shayne Gostisbehere is hit by Adam Larsson and loses puck.
Goals for this period are 0 for Detroit Red Wings vs 1 for New York Rangers.
Shots for this period are 6 for Detroit Red Wings vs 6 for New York Rangers.
Back to the Top